 Dungeon Crawl Stone Soup version 0.24-a0-487-g57318f2 (webtiles) character file.

Game seed: 458335655167371893

9024 Finnegan the Fighter (level 11, -1/104 HPs)
             Began as a Minotaur Berserker on May 7, 2019.
             Was a High Priest of Trog.
             Slain by a centaur (6 damage)
             ... on level 9 of the Dungeon on July 10, 2019.
             The game lasted 00:39:21 (8091 turns).

Finnegan the Fighter (Minotaur Berserker)           Turns: 8091, Time: 00:39:22

Health: -1/104     AC: 14    Str: 22    XL:     11   Next: 17%
Magic:  10/10      EV: 13    Int:  4    God:    Trog [*****.]
Gold:   419        SH:  0    Dex: 13    Spells: 10/10 levels left

rFire    . . .     SeeInvis .   l - +2 executioner's axe (flame)
rCold    . . .     Gourm    .   (shield currently unavailable)
rNeg     . . .     Faith    .   n - +0 plate armour
rPois    +         Spirit   .   (helmet restricted)
rElec    .         Reflect  .   (no cloak)
rCorr    .         Harm     .   (no gloves)
MR       .....                  (no boots)
Stlth    ..........             (no amulet)
HPRegen  0.27/turn              m - +2 ring of evasion
MPRegen  0.12/turn              p - ring of poison resistance

@: no status effects
A: retaliatory headbutt, horns 2
a: Berserk, Trog's Hand, Brothers in Arms, Renounce Religion


You were on level 9 of the Dungeon.
You worshipped Trog.
Trog was extremely pleased with you.
You were hungry.

You visited 1 branch of the dungeon, and saw 9 of its levels.

You collected 419 gold pieces.

Inventory:

Hand Weapons
 l - a +2 executioner's axe of flaming (weapon)
Missiles
 z - 4 throwing nets (quivered)
Armour
 n - a +0 plate armour (worn)
Jewellery
 m - a +2 ring of evasion (left hand)
 p - a ring of poison resistance (right hand)
Wands
 a - a wand of paralysis (12)
 o - a wand of polymorph (4)
 C - a wand of iceblast (7)
 E - a wand of flame (7)
Scrolls
 b - a scroll of enchant armour {unknown}
 d - 4 scrolls of teleportation
 r - a scroll of fog {unknown}
 s - 3 scrolls of remove curse
 t - a scroll of random uselessness {unknown}
 v - a scroll of immolation {unknown}
 x - a scroll of acquirement {unknown}
 A - a scroll of magic mapping {unknown}
 D - a scroll of vulnerability {unknown}
Potions
 e - 4 potions of cancellation
 f - 4 potions of flight {unknown}
 g - 2 potions of agility
 h - 2 potions of mutation {unknown}
 i - a potion of degeneration {unknown}
 j - 3 potions of curing {unknown}
 k - 3 potions of lignification {unknown}
 q - 5 potions of resistance
 u - a potion of brilliance {unknown}
 w - a potion of might {unknown}
 B - 2 potions of berserk rage {unknown}
Comestibles
 c - 12 rations
 F - 2 chunks of flesh


   Skills:
 - Level 12.0 Fighting
 - Level 12.0 Axes
 * Level 9.4 Armour
 * Level 8.6 Dodging


You had 10 spell levels left.
You didn't know any spells.
Your spell library was empty.

Dungeon Overview and Level Annotations

Branches:
Dungeon (9/15)             Temple (0/1) D:6            Lair (0/6) D:9
    Orc (0/2) D:9

Altars:
Ashenzari
Cheibriados
Dithmenos
Fedhas
Gozag
Makhleb
Qazlal
Ru
Trog
Uskayaw
Vehumet
Xom
Yredelemnul

Shops:
D:6 *   D:7 }   D:8 (


Innate Abilities, Weirdness & Mutations

You reflexively headbutt those who attack you in melee.
You have a pair of horns on your head.


Message History

You see here an arrow.
The centaur shoots an arrow.
The arrow hits you but does no damage.
You hit the centaur. You burn the centaur.
The centaur is lightly wounded.
The centaur unwields a +0 shortbow.
The centaur hits you.
* * * LOW HITPOINT WARNING * * *
The centaur closely misses you.
You closely miss the centaur. You headbutt the centaur!
The centaur is severely wounded.
The centaur hits you but does no damage.
The centaur closely misses you.
You hit the centaur. You burn the centaur.
The centaur is almost dead.
Your plate armour prevents you from hitting the sky beast.
The sky beast hits you.
* * * LOW HITPOINT WARNING * * *
The sky beast shocks you.
* * * LOW HITPOINT WARNING * * *
The centaur hits you.
You die...

........# #......... .......###
#.......# #....### #.#..$.Z..#
#....# #.##..c## #....#
#....c(.# .# #....# #....Y(.#
#.# #....# ##...((.# #.#
#....#####....Z######.#
#.)÷.#......8..c@..##.#########
#....#.(.......Y...#..........#
#....#.............#..........#
#.............................#
#.....8.....>.....8.....≈≈....#
#....................>...≈....#
#<...#.............#.....≈....#
#....#.............#..........#
#....#......8......#..........#


You could see a sky beast, a centaur and a troll zombie.

Vanquished Creatures
  Harold (D:7)
  Erica (D:9)
  A two-headed ogre (D:8)
  3 death yaks (D:8)
  Joseph (D:8)
  2 hippogriffs
  A hungry ghost (D:9)
  A water moccasin (D:6)
  Duvessa (D:5)
  A porcupine (D:8)
  2 orc warriors (D:8)
  An ice beast (D:8)
  A sky beast (D:8)
  3 phantoms
  2 centaurs
  6 ogres
  6 bullfrogs
  2 gnoll sergeants (D:5)
  Dowan (D:5)
  A wyvern skeleton (D:9)
  2 scorpions
  A troll zombie (D:9)
  4 killer bees (D:8)
  10 wights
  6 howler monkeys
  A jelly (D:8)
  3 crimson imps
  A quasit (D:9)
  3 orc priests
  4 hounds
  4 orc wizards
  Crazy Yiuf (D:3)
  A bullfrog skeleton (D:6)
  A centaur skeleton (D:8)
  2 iguanas
  2 hell rats (D:8)
  9 worker ants
  4 ogre zombies (D:9)
  A hound skeleton (D:8)
  10 adders
  7 gnolls (D:5)
  4 river rats (D:8)
  A shadow imp (D:8)
  An adder zombie (D:6)
  2 adder skeletons (D:8)
  2 dart slugs
  24 orcs
  A ball python (D:6)
  6 bats
  3 giant cockroaches
  4 goblins
  7 hobgoblins
  9 jackals
  6 quokkas
  6 frilled lizards
  A goblin skeleton (D:9)
  A hobgoblin zombie (D:9)
  11 kobolds
  4 orc skeletons (D:9)
  15 orc zombies (D:9)
  6 rats
229 creatures vanquished.

Vanquished Creatures (others)
  A jackal (D:5)
1 creature vanquished.

Grand Total: 230 creatures vanquished

Notes
Turn   | Place    | Note
-------+----------+-------------------------------------------
     0 | D:1      | Finnegan the Minotaur Berserker began the quest for the
                  | Orb.
     0 | D:1      | Reached XP level 1. HP: 19/19 MP: 0/0
   170 | D:1      | Upgraded the game from 0.24-a0-280-g7cec4da to
                  | 0.24-a0-487-g57318f2
   188 | D:1      | Reached XP level 2. HP: 12/27 MP: 1/1
   468 | D:1      | Reached ** piety under Trog
   566 | D:1      | Reached XP level 3. HP: 32/34 MP: 2/2
  1490 | D:2      | Found a shimmering altar of Xom.
  1587 | D:3      | Reached XP level 4. HP: 41/41 MP: 3/3
  1642 | D:3      | Reached skill level 5 in Fighting
  1642 | D:3      | Reached skill level 5 in Axes
  1796 | D:3      | Found a faded altar of an unknown god.
  1966 | D:3      | Found a shadowy altar of Dithmenos.
  2227 | D:3      | Found a runed translucent door.
  2228 | D:3      | Noticed Crazy Yiuf
  2238 | D:3      | Killed Crazy Yiuf
  2238 | D:3      | Reached XP level 5. HP: 37/49 MP: 4/4
  2299 | D:4      | Reached *** piety under Trog
  2321 | D:4      | Noticed an ogre
  2333 | D:4      | HP: 2/50 [ogre/+0 giant club (11)]
  2336 | D:4      | Killed an ogre
  2370 | D:4      | Reached XP level 6. HP: 31/58 MP: 5/5
  2595 | D:4      | Found a shattered altar of Ashenzari.
  3405 | D:5      | Entered Level 5 of the Dungeon
  3537 | D:5      | Reached XP level 7. HP: 34/66 MP: 6/6
  3868 | D:5      | Reached XP level 8. HP: 20/77 MP: 7/7
  4012 | D:5      | Noticed Duvessa
  4012 | D:5      | Noticed Dowan
  4025 | D:5      | Killed Duvessa
  4026 | D:5      | Killed Dowan
  4487 | D:6      | Reached skill level 10 in Fighting
  4487 | D:6      | Reached skill level 10 in Axes
  4551 | D:6      | Reached **** piety under Trog
  4621 | D:6      | Found a staircase to the Ecumenical Temple.
  4656 | D:6      | Found Zann's Serpentskin Sales.
  4677 | D:6      | Reached XP level 9. HP: 48/86 MP: 8/8
  4689 | D:6      | Found a blossoming altar of Fedhas.
  4854 | D:6      | Found a hide-covered altar of Uskayaw.
  4876 | D:6      | Found an opulent altar of Gozag.
  4876 | D:6      | Found a snail-covered altar of Cheibriados.
  4877 | D:6      | Found a bloodstained altar of Trog.
  4879 | D:6      | Found a radiant altar of Vehumet.
  4916 | D:6      | Found a basalt altar of Yredelemnul.
  5267 | D:7      | Noticed Harold
  5280 | D:7      | Killed Harold
  5463 | D:7      | Found Dyxif's Gadget Shop.
  5716 | D:7      | Found a stormy altar of Qazlal.
  6586 | D:8      | Noticed Joseph
  6595 | D:8      | Killed Joseph
  6595 | D:8      | Reached XP level 10. HP: 55/97 MP: 9/9
  6741 | D:8      | Found Ehoib's Antique Weapon Emporium.
  6746 | D:8      | Reached skill level 5 in Armour
  6882 | D:8      | Noticed a two-headed ogre
  6889 | D:8      | Killed a two-headed ogre
  6889 | D:8      | Reached skill level 5 in Dodging
  6987 | D:8      | Reached ***** piety under Trog
  7063 | D:8      | Found a sacrificial altar of Ru.
  7362 | D:9      | Found a staircase to the Lair.
  7362 | D:9      | Noticed a death yak
  7362 | D:9      | Noticed a death yak
  7362 | D:9      | Noticed a death yak
  7375 | D:8      | Killed a death yak
  7513 | D:8      | Killed a death yak
  7514 | D:8      | Killed a death yak
  7729 | D:9      | Reached XP level 11. HP: 46/104 MP: 10/10
  7778 | D:9      | Found a burning altar of Makhleb.
  7780 | D:9      | Noticed Erica
  7795 | D:9      | HP: 2/104 [something (4)]
  7801 | D:9      | Killed Erica
  7804 | D:9      | Received a gift from Trog
  7954 | D:9      | Found a staircase to the Orcish Mines.
  8091 | D:9      | HP: 5/104 [sky beast (6)]
  8091 | D:9      | Slain by a centaur

Levels and vault maps discovered:
D:1:      lightli_arrival_noodles, layout_basic
D:2:      layout_basic, lemuel_coloured_pillars_altar, first_ration
D:3:      layout_basic, nicolae_dithmenos_shadow_blocks,
          chequers_ecumenical_altar_grove, uniq_crazy_yiuf_cottage
D:4:      layout_layer_cave, lemuel_doored_altar, small_statue_alley_b,
          amethyst_killhole, chequers_serial_rivers_small_3
D:5:      layout_basic, uniq_duvessa
D:6:      layout_gridville, old_standard_altar, grunt_temple_overflow_open,
          kennysheep_mini_moat, minmay_temple_entry_hall,
          hangedman_decor_clover_reticule, guppyfry_shop_venom
D:7:      layout_basic, serial_shops, nicolae_shop_behind_doors,
          nicolae_qazlal_eye_of_the_storm, uniq_harold
D:8:      layout_basic, lemuel_crystal_altar, serial_shops, shop, uniq_joseph
D:9:      layout_basic, lemuel_crystal_altar, dpeg_lair_monsters,
          zombieorc2_lemuel, uniq_erica

Skill      XL: |  1  2  3  4  5  6  7  8  9 10 11 |
---------------+----------------------------------+-----
Fighting       | 4 5 6 7 8 10 12 | 12.0
Axes           | 4 5 6 7 8 10 12 | 12.0
Armour         | 4 8 9 |  9.4
Dodging        | 3 7 8 |  8.6

Action                   |  1- 3 |  4- 6 |  7- 9 | 10-12 || total
-------------------------+-------+-------+-------+-------++-------
Melee: Hand axe          |    84 |   121 |    90 |       ||   295
       Headbutt          |    12 |    24 |    49 |    33 ||   118
       Battleaxe         |       |       |   116 |   104 ||   220
       Executioner's axe |       |       |       |    49 ||    49
Invok: Berserk           |       |     1 |     3 |     3 ||     7
  Use: Scroll            |     5 |       |     5 |     1 ||    11
       Potion            |       |     1 |     1 |     2 ||     4
  Eat: Chunk             |     2 |     4 |    11 |     4 ||    21
       Ration            |       |     1 |     1 |     1 ||     3
Armor: Animal skin       |     6 |       |       |       ||     6
       Chain mail        |    10 |    54 |    51 |     5 ||   120
       Plate armour      |       |       |       |   111 ||   111
Dodge: Dodged            |    63 |    62 |    99 |   149 ||   373

Table legend:
 A = Non-vault XP
 B = Vault XP
 C = Vault XP percentage of total XP
 D = Non-vault monster count
 E = Vault monster count
 F = Vault count percentage of total count
                 A         B        C        D         E       F
            +---------+---------+-------+---------+---------+-------
      Total |    6836 |    6056 |  47.0 |     183 |      46 |  20.1
            +---------+---------+-------+---------+---------+-------
        D:1 |      43 |       0 |   0.0 |      24 |       0 |   0.0
        D:2 |      45 |       0 |   0.0 |      14 |       0 |   0.0
        D:3 |      91 |      40 |  30.5 |      20 |       1 |   4.8
        D:4 |     299 |       0 |   0.0 |      14 |       0 |   0.0
        D:5 |    1368 |     224 |  14.1 |      31 |       2 |   6.1
        D:6 |     893 |     157 |  15.0 |      23 |       1 |   4.2
        D:7 |     976 |     976 |  50.0 |      12 |       1 |   7.7
        D:8 |    2473 |    3337 |  57.4 |      36 |      11 |  23.4
        D:9 |     648 |    1322 |  67.1 |       9 |      30 |  76.9
            +---------+---------+-------+---------+---------+-------
